 Dungeon Crawl Stone Soup version 0.28.0-53-g5a82cb258f (webtiles) character file.

Game seed: 4214935090723158940

252 Dadi the Cudgeller (level 6, -6/38 HPs)
             Began as a Gargoyle Fighter on July 14, 2022.
             Mangled by an ogre
             ... wielding a +0 giant spiked club
              (15 damage)
             ... on level 4 of the Dungeon.
             The game lasted 00:05:53 (3641 turns).

Dadi the Cudgeller (Gargoyle Fighter)               Turns: 3641, Time: 00:05:53

Health: -6/38      AC: 11    Str: 22    XL:     6   Next: 13%
Magic:  6/6        EV:  9    Int:  8    God:
Gold:   95         SH:  4    Dex:  9    Spells: 5/5 levels left

rFire   . . .      SeeInvis +   r - +0 flail (vorpal)
rCold   . . .      Faith    .   c - +0 buckler
rNeg    + . .      Spirit   .   b - +0 scale mail
rPois   ∞          Reflect  .   (no helmet)
rElec   +          Harm     .   (no cloak)
rCorr   .          Rampage  .   (no gloves)
Will    .....                   (no boots)
Stlth   ..........              (no amulet)
HPRegen 0.12/turn               e - ring of see invisible
MPRegen 0.10/turn               (no ring)

@: no status effects
A: sickness immunity, AC +4, negative energy resistance 1, electricity
resistance, torment resistance 1, petrification resistance
a: no special abilities


You were on level 4 of the Dungeon.
You visited 1 branch of the dungeon, and saw 4 of its levels.

You collected 95 gold pieces.

Inventory:

Hand Weapons
 a - a +0 flail
 m - a +0 vampiric war axe
 r - a +0 vorpal flail (weapon)
Armour
 b - a +0 scale mail (worn)
 c - a +0 buckler (worn)
Jewellery
 e - a ring of see invisible (left hand)
 t - a ring of magical power
Wands
 k - a wand of iceblast (11)
 p - a wand of flame (7)
Scrolls
 g - 2 scrolls of teleportation {unknown}
 h - a scroll of enchant armour {unknown}
 i - a scroll of fear {unknown}
 j - a scroll of enchant weapon {unknown}
 l - a scroll of fog {unknown}
 n - 2 scrolls of identify {unknown}
 s - a scroll of amnesia {unknown}
 u - 2 scrolls of magic mapping {unknown}
 w - a scroll of torment {unknown}
Potions
 d - 2 potions of might
 f - 2 potions of cancellation {unknown}
 o - a potion of mutation {unknown}
 q - a potion of brilliance {unknown}
 v - a potion of ambrosia {unknown}
 x - a potion of invisibility {unknown}


   Skills:
 - Level 4.0 Fighting
 + Level 5.9 Maces & Flails
 - Level 3.2 Armour
 - Level 3.2 Shields


You had 5 spell levels left.
You didn't know any spells.
Your spell library contained the following spells:

 Spells                   Type           Power      Damage    Failure   Level
 Magic Dart               Conj           0%         1d3       83%         1
 Call Imp                 Summ           0%         N/A       92%         2
 Mephitic Cloud           Conj/Pois/Air  0%         N/A       99%         3


Dungeon Overview and Level Annotations

Branches:
Dungeon (4/15)
 Temple: D:4-7

Altars:
Ashenzari
Trog

Shops:
D:1 =   D:4 :

Annotations:
D:4 Blork the orc


Innate Abilities, Weirdness & Mutations

You are immune to sickness and miasma.
Your stone body is resilient. (AC +4)
You are immune to poison.
You resist negative energy. (rN+)
You are resistant to electric shocks. (rElec)
You are resistant to unholy torment.
You are immune to petrification.


Message History

The mass of ice explodes!
The iceblast engulfs Blork the orc.
Blork the orc is lightly wounded.
Blork the orc points at you and mumbles some strange words.
The magic dart hits you.
The endoplasm jiggles.
Blork the orc mumbles some strange words.
Blork the orc seems to speed up.
There is a stone staircase leading up here.
The endoplasm barely misses you.
You climb upwards.
There is a stone staircase leading down here.
You barely miss the endoplasm. You block the endoplasm's attack.
You sock the endoplasm!
You kill the endoplasm!
No target in view!
No target in view!
You start resting.
HP restored.
Sorry, you're not good enough to have a special ability.
Okay, then.
There is a stone staircase leading down here.
You climb downwards.
Level annotation: Blork the orc
There is a stone staircase leading up here.
The ogre shouts!
Things that are here:
a +0 chain mail; a +0 club
Things that are here:
a +0 chain mail; a +0 club You block the ogre's attack.
You completely miss the ogre. The ogre barely misses you.
You hit the ogre.
The ogre is moderately wounded.
The ogre hits you with a +0 giant spiked club!!
Ouch! That really hurt!
* * * LOW HITPOINT WARNING * * *
You hit the ogre.
The ogre is moderately wounded.
The ogre hits you with a +0 giant spiked club!
You die...

###....#.# #.# #.#
#....#.## #.# #.#
####.#..# #.# #.#
#..#.#### #.# #.#
####......# #.# #.#
####.........######.#
#.#
....................#
#.#
####....#..##########
#.#
...<.........[.O@...#
#.#
.......#.#..#######.#
#.# ###..(.#....# #.#
#.# ######....# #.#
#.# #....## #.# #.#
#.....# #.####.#
###.#.# #.#..#.#
#...# #.#..#.# ##..##
#.#<.#.#


You could see an ogre.

Vanquished Creatures
  A jelly (D:4)
  A centaur skeleton (D:4)
  A bullfrog skeleton (D:3)
  Ijyb (D:4)
  An orc wizard (D:4)
  4 adders (D:2)
  4 dart slugs
  4 orcs
  4 ball pythons
  9 endoplasms
  5 giant cockroaches
  4 goblins
  5 hobgoblins
  5 jackals
  5 quokkas
  4 bats
  2 frilled lizards (D:3)
  6 kobolds
  3 rats
69 creatures vanquished.

Notes
Turn   | Place    | Note
-------+----------+-------------------------------------------
     0 | D:1      | Dadi the Gargoyle Fighter began the quest for the Orb.
     0 | D:1      | Reached XP level 1. HP: 14/14 MP: 1/1
   119 | D:1      | Found Yhytuoti's Jewellery Boutique.
   204 | D:1      | Reached XP level 2. HP: 7/19 MP: 2/2
   453 | D:1      | Reached skill level 3 in Maces & Flails
   552 | D:1      | Found a faded altar of an unknown god.
   712 | D:1      | Got Plato's Almanac of Damage Dealing
  1170 | D:2      | Reached XP level 3. HP: 23/23 MP: 3/3
  1379 | D:2      | Reached skill level 4 in Maces & Flails
  1393 | D:2      | Reached XP level 4. HP: 18/28 MP: 4/4
  2018 | D:3      | Found a bloodstained altar of Trog.
  2238 | D:3      | Reached XP level 5. HP: 24/33 MP: 5/5
  2529 | D:3      | Found a broken altar of Ashenzari.
  2813 | D:4      | Noticed Blork the orc
  2878 | D:4      | Noticed Ijyb
  2885 | D:4      | Noticed an ogre
  2894 | D:4      | Killed Ijyb
  2895 | D:4      | Reached skill level 5 in Maces & Flails
  3204 | D:4      | Found Metih's Book Shop.
  3503 | D:4      | Reached XP level 6. HP: 38/38 MP: 6/6
  3641 | D:4      | Mangled by an ogre

Illustrated notes

Levels and vault maps discovered:
D:1:      lightli_arrival_boilingwater, layout_rooms, serial_shops,
          nicolae_shop_stone, shapermc_ecumenical_altar_rom_forum,
          minmay_misc_feat_cross, minmay_octomino_e4
D:2:      layout_basic
D:3:      layout_loops_ring, cheibrodos_ashenzari_chains,
          mainiacjoe_overflow_six_doors_small
D:4:      layout_basic, serial_shops, shop, uniq_ijyb, uniq_blork_the_orc

Skill      XL: |  1  2  3  4  5 |
---------------+----------------+-----
Maces & Flails | 3 4 5 |  5.9
Fighting       | 4 |  4.0
Armour         | |  3.2
Shields        | |  3.2

Action                   |  1- 3 |  4- 6 || total
-------------------------+-------+-------++-------
Melee: Flail             |   100 |   127 ||   227
       War axe           |       |    24 ||    24
Evoke: Wand              |       |     1 ||     1
Armor: Scale mail        |    72 |    77 ||   149
Dodge: Dodged            |    57 |    65 ||   122
Block: Buckler           |    21 |    38 ||    59
